 Dungeon Sprint DCSS version 0.32-a0-468-g38b2580584 (webtiles) character file.

Game seed: 12060364847173624011

657523 Prakerore the Conqueror (level 21, -20/204 HPs)
             Began as a Coglin Berserker on Feb 24, 2024.
             Was a High Priest of Trog.
             Killed from afar by a Brimstone Fiend (26 damage)
             ... with damnation
             ... summoned by Cerebov
             ... in the Dungeon (Sprint IX: "|||||||||||||||||||||||||||||").
             The game lasted 01:11:48 (22412 turns).

Prakerore the Conqueror (Coglin Berserker)         Turns: 22412, Time: 01:11:49

Health: -20/204    AC: 41    Str: 24      XL:     21   Next: 52%
Magic:  0/33       EV: 20    Int:  4 (5)  God:    Trog [*****.]
Gold:   1228       SH:  0    Dex: 19      Spells: 20/20 levels left

rFire   + + .        a - +9 demon trident (heavy) {Tae}
rCold   + + +        b - +3 broad axe of the Several Spines {heavy, rF++ rCorr Int-2 SInv}
rNeg    + . .        r - +6 gold dragon scales
rPois   +            H - +2 helmet
rElec   +            O - +2 cloak {Stlth+}
rCorr   +            N - +0 pair of gloves "Icymies" {rN+ Int-3 Dex+4}
SInv    +            M - +2 pair of boots
Will    +....        s - amulet of Foolhardiness {Spirit rElec rC+ rCorr} Stlth
                     (ring unavailable)
HPRegen 0.54/turn    (ring unavailable)
MPRegen 0.23/turn

%: no teleportation, guardian spirit
@: fire vulnerable, on berserk cooldown, slowed, revved, very slow
A: cold resistance 1, fire resistance 1, off-hand wielding, slow wielding,
warmup strikes, no rings, deformed body, deterioration 1
}: 14/17 runes: decaying, serpentine, barnacled, slimy, elven, silver, golden,
iron, obsidian, bone, abyssal, glowing, magical, gossamer
a: Renounce Religion, Berserk, Trog's Hand, Brothers in Arms


You were in the Dungeon.
You worshipped Trog.
Trog was extremely pleased with you.
You visited 1 branch You collected 1980 gold pieces.
You spent 752 gold pieces at shops.

Inventory:

Hand Weapons
 a - a +9 heavy demon trident (weapon) {Tae}
 b - the +3 broad axe of the Several Spines (offhand) {heavy, rF++ rCorr Int-2 SInv}
   (Trog gifted it to you in the Dungeon)

   Int-2:     It affects your intelligence (-2).
   rF++:      It greatly protects you from fire.
   SInv:      It lets you see invisible.
   rCorr:     It protects you from acid and corrosion.
 m - a +2 dire flail of holy wrath
 n - a +2 halberd of venom
 o - a +4 quarterstaff of draining
 q - the +2 scimitar of Xebeg {venom, rF++}
   (You found it in the Dungeon)

   rF++:      It greatly protects you from fire.
Missiles
 i - a javelin (quivered)
 S - 6 boomerangs
Armour
 r - +6 gold dragon scales (worn)
 x - the +2 chain mail of Panentheism {rElec rC++}
   (You found it in the Dungeon)

   rC++:      It greatly protects you from cold.
   rElec:     It insulates you from electricity.
 y - a +0 cloak
 z - +6 fire dragon scales
 F - +0 swamp dragon scales
 G - a +0 cloak
 H - a +2 helmet (worn)
 I - a +0 pair of boots
 J - a +0 pair of gloves
 M - a +2 pair of boots (worn)
 N - the +0 pair of gloves "Icymies" (worn) {rN+ Int-3 Dex+4}
   (You found it in the Dungeon)

   Int-3:     It affects your intelligence (-3).
   Dex+4:     It affects your dexterity (+4).
   rN+:       It protects you from negative energy.
 O - a +2 cloak of stealth (worn)
 P - +0 storm dragon scales
 Q - a +1 cloak
 R - the orb of Dispater {+Damnation *Corrode AC+5}
   (You took it off Dispater in the Dungeon)

   +Damnation: It grants the ability to hurl damnation at the cost of health and
   magic, with strength depending on Evocations skill.
   AC+5:      It affects your AC (+5).
   *Corrode:  It may corrode you when you take damage.
 U - a +0 kite shield
 V - +2 shadow dragon scales
 W - a +1 cloak
 X - +3 ice dragon scales
 Y - a +0 helmet of see invisible
Jewellery
 s - the amulet of Foolhardiness (around neck) {Spirit rElec rC+ rCorr}
   (You found it in the Dungeon)

   [amulet of guardian spirit]

   Spirit:    It causes incoming damage to be divided between your reserves of
   health and magic.
   rC+:       It protects you from cold.
   rElec:     It insulates you from electricity.
   rCorr:     It protects you from acid and corrosion.
 u - a +2 ring of protection
 v - a +2 ring of protection
Talismans
 h - a talisman of death
Wands
 T - a wand of flame (28)
Scrolls
 w - a scroll of vulnerability
 A - 6 scrolls of enchant weapon
 B - a scroll of identify
 C - a scroll of poison
 E - a scroll of revelation
Potions
 c - 3 potions of curing
 d - 2 potions of heal wounds
 e - 5 potions of haste
 f - 9 potions of magic
 g - 4 potions of berserk rage
 j - a potion of mutation
 p - a potion of cancellation
 K - a potion of attraction
 L - a potion of lignification
Miscellaneous
 k - the horn of Geryon (inert)


   Skills:
 O Level 27 Fighting
 - Level 23.7(27) Axes
 - Level 24.3(27) Polearms
 O Level 27 Throwing
 O Level 27 Armour
 O Level 27 Dodging
 + Level 16.3 Invocations
 O Level 27 Evocations
 O Level 27 Shapeshifting


You had 20 spell levels left.
You didn't know any spells.
Your spell library was empty.

Dungeon Overview and Level Annotations

Branches:
Dungeon (1/1)

Altars:
Cheibriados
Dithmenos
Elyvilon
Fedhas
Gozag
Hepliaklqana
Kikubaaqudgha
Makhleb
Nemelex Xobeh
Okawaru
Qazlal
Ru
Sif Muna
Trog
Uskayaw
Vehumet
Wu Jian
Xom
Yredelemnul
Zin
The Shining One
Beogh
Jiyva
Lugonu

Shops:
D =*!?

Annotations:
D Cerebov


Innate Abilities, Weirdness & Mutations

Your flesh is cold resistant. (rC+)
Your flesh is heat resistant. (rF+)
You can wield a second weapon in your off-hand.
It takes a long time for you to wield or remove held weapons.
Your first few attacks do less damage.
Your grasper-arms cannot wear rings.
Armour fits poorly on your strangely shaped body.
Your body sometimes deteriorates upon taking damage.


Message History

The hellion gestures at you.
The sphere of damnation explodes!
The damnation engulfs you!!
* * * LOW HITPOINT WARNING * * *
The damnation engulfs the hellion.
The hellion completely resists.
The damnation engulfs Cerebov.
Cerebov completely resists.
Cerebov hits you with the +6 sword of Cerebov.
* * * LOW HITPOINT WARNING * * *
Unknown command.
You slash Cerebov with the +3 broad axe of the Several Spines!
Cerebov is almost dead.
You slash the hellion with the +3 broad axe of the Several Spines!
You hit Cerebov with your +9 heavy demon trident.
You are no longer berserk.
You are exhausted.
You feel yourself slow down. Cerebov hits you but does no damage.
The hellion is engulfed in blazing flames.
The hellion dies!
The hellion disappears in a puff of smoke!
Unknown command.
Okay, then.
Okay, then.
Okay, then.
Okay, then.
Okay, then.
You feel much better. Cerebov barely misses you.
Cerebov hits you but does no damage.
Unknown command.
You feel much better.
Cerebov shouts, "I shall devour thy skull!"
Cerebov gestures at you. The iron shot hits you!!
* * * LOW HITPOINT WARNING * * *
Cerebov hits you with the +6 sword of Cerebov!!
* * * LOW HITPOINT WARNING * * *
Cerebov burns you.
* * * LOW HITPOINT WARNING * * *
The Brimstone Fiend gestures at you.
The sphere of damnation explodes!
The damnation engulfs Cerebov.
Cerebov completely resists.
The damnation engulfs you!!
You die...

▓▓▓▓▓▓▓▓▓▓▓▓▓▓▓▓▓▓▓▓▓▓▓▓▓▓▓▓▓▓▓▓▓
................@&12..'.§§§§§§§§§
▓▓▓▓▓▓▓▓▓▓▓▓▓▓▓▓▓▓▓▓▓▓▓▓▓▓▓▓▓▓▓▓▓
.................................
▓▓▓▓▓▓▓▓▓▓▓▓▓▓▓▓▓▓▓▓▓▓▓▓▓▓▓▓▓▓▓▓▓
).......)........)).........)...)
▓▓▓▓▓▓▓▓▓▓▓▓▓▓▓▓▓▓▓▓▓▓▓▓▓▓▓▓▓▓▓▓▓
.................................
♣♣♣♣♣♣▓▓▓▓▓▓▓▓▓▓▓▓▓▓▓▓▓▓▓▓▓▓▓▓▓▓▓
......')))))))))))...)........)..


You could see Cerebov (fast), a Brimstone Fiend (summoned) and a hellion
(summoned).

Vanquished Creatures
  Antaeus (D)
  Asmodeus (D)
  the Royal Jelly (D)
  Mnoleg (D)
  Gloorx Vloq (D)
  Lom Lobon (D)
  Ereshkigal (D)
  Dispater (D)
  4 ancient liches (D)
  3 orbs of fire (D)
  Mara (D)
  A juggernaut (D)
  8 royal mummies (D)
  A curse toe (D)
  2 Killer Klowns (D)
  Margery (D)
  Geryon (D)
  5 golden dragons (D)
  Nikola (D)
  A bone dragon (D)
  2 electric golems (D)
  A hellephant (D)
  A tentacled monstrosity (D)
  Rupert (D)
  29 Orb Guardians (D)
  4 quicksilver dragons (D)
  2 deep elf blademasters (D)
  4 deep elf master archers (D)
  8 acid blobs (D)
  A walking divine tome (D)
  12 sphinxes (D)
  A death cob (D)
  6 shadow dragons (D)
  6 nagarajas (D)
  3 storm dragons (D)
  3 draconian knights (D)
  A draconian monk (D)
  3 azure jellies (D)
  Ilsuiw (D)
  A protean progenitor (D)
  2 fire giants (D)
  2 draconian scorchers (D)
  3 deep elf sorcerers (D)
  5 rockslimes (D)
  4 emperor scorpions (D)
  A draconian shifter (D)
  An angel (D)
  4 vault wardens (D)
  2 frost giants (D)
  3 ghost moths (D)
  2 draconian stormcallers (D)
  3 quicksilver oozes (D)
  A broodmother (D)
  3 ironbound preservers (D)
  A very ugly thing (D)
  6 stone giants (D)
  2 deep elf death magi (D)
  7 vampire knights (D)
  A dire elephant (D)
  3 red draconians (D)
  A deep elf demonologist (D)
  2 black draconians (D)
  An eleionoma (D)
  4 white draconians (D)
  A purple draconian (D)
  Azrael (D)
  A yellow draconian (D)
  2 merfolk impalers (D)
  4 fire dragons (D)
  4 mummy priests (D)
  A merfolk javelineer (D)
  2 yaktaur captains (D)
  4 deep elf high priests (D)
  5 hydras (D)
  4 ice dragons (D)
  25 vault guards (D)
  4 rakshasas (D)
  A ghost crab (D)
  A spriggan air mage (D)
  2 anacondas (D)
  2 merfolk avatars (D)
  6 ironbound frosthearts (D)
  2 ogre magi (D)
  2 centaur warriors (D)
  3 merfolk aquamancers (D)
  A jorogumo (D)
  3 deep troll shamans (D)
  2 naga warriors (D)
  3 demonic crawlers (D)
  3 deep troll earth magi (D)
  2 vampire magi (D)
  3 tengu warriors (D)
  An orc high priest (D)
  3 naga sharpshooters (D)
  A spriggan berserker (D)
  3 hell knights (D)
  A pharaoh ant (D)
  2 goliath frogs (D)
  An iron troll (D)
  3 deep trolls (D)
  An orb spider (D)
  2 arcanists (D)
  A bog body (D)
  7 swamp dragons (D)
  2 glowing orange brains (D)
  5 orc knights (D)
  2 ironbound convokers (D)
  A lindwurm (D)
  A deep elf pyromancer (D)
  A necromancer (D)
  2 manticores (D)
  A large abomination (D)
  2 ugly things (D)
  2 wolf spiders (D)
  A cyclops (D)
  13 moths of wrath (D)
  A worldbinder (D)
  An elephant (D)
  6 black mambas (D)
  2 naga magi (D)
  5 vault sentinels (D)
  A torpor snail (D)
  An orange demon (D)
  3 cane toads (D)
  2 smoke demons (D)
  2 rime drakes (D)
  A yaktaur (shapeshifter) (D)
  Psyche (D)
  A tengu conjurer (D)
  A freezing wraith (D)
  A tormentor (D)
  4 trolls (D)
  16 guardian mummies (D)
  A wandering mushroom (D)
  A polar bear (D)
  A merfolk (D)
  3 tyrant leeches (D)
  2 tarantellas (D)
  2 glass eyes (D)
  A hornet (D)
  3 blink frogs (D)
  2 slime creatures (D)
  11 spriggans (D)
  A jumping spider (D)
  A shadow (D)
  A small abomination (D)
  4 fire elementals (D)
  3 yaks (D)
  2 golden eyes (D)
  7 vampire mosquitoes (D)
  A redback (D)
  3 nagas (D)
  An acid dragon (D)
  A hell hound (D)
  2 water moccasins (D)
  9 orc warriors (D)
  A swamp drake (D)
  3 bullfrogs (D)
  A scorpion (D)
  A howler monkey (D)
  2 jellies (D)
  5 orc priests (D)
  5 orc wizards (D)
  An ufetubus (D)
  6 orcs (D)
  A goblin (D)
  2 hobgoblins (D)
  2 rats (D)
  A ball lightning (D)
  A fire vortex (D)
488 creatures vanquished.

Vanquished Creatures (collateral kills)
  An ancient lich (D)
  An Orb Guardian (D)
  A lich (D)
  Agnes (D)
  A shadow dragon (D)
  A nagaraja (D)
  A fenstrider witch (D)
  A draconian shifter (D)
  A stone giant (D)
  A draconian annihilator (D)
  A vampire knight (D)
  A yellow draconian (D)
  A purple draconian (D)
  A white draconian (D)
  3 merfolk impalers (D)
  A merfolk javelineer (D)
  A spriggan (D)
  3 deep trolls (D)
  A sea snake (D)
  A goliath frog (D)
  A phantasmal warrior (D)
  A cyclops (D)
  A guardian serpent (D)
  A merfolk siren (D)
  A water nymph (D)
  2 merfolk (D)
  A hornet (D)
32 creatures vanquished.

Vanquished Creatures (others)
  A bloated husk (D)
  12 ball lightnings (D)
  A fire vortex (D)
  A lurking horror (D)
15 creatures vanquished.

Grand Total: 535 creatures vanquished

Notes
Turn   | Place    | Note
-------+----------+-------------------------------------------
     0 | D        | Prakerore the Coglin Berserker began the quest for the Orb.
     0 | D        | Reached XP level 1. HP: 18/18 MP: 1/1
    10 | D        | Reached ** piety under Trog
    31 | D        | Noticed a jelly
    31 | D        | Noticed a scorpion
    31 | D        | Noticed a jelly
    33 | D        | Killed a jelly
    34 | D        | Reached skill level 5 in Fighting
    34 | D        | Reached XP level 2. HP: 27/27 MP: 2/2
    34 | D        | Reached XP level 3. HP: 33/33 MP: 3/3
    34 | D        | Reached *** piety under Trog
    37 | D        | Killed a scorpion
    38 | D        | Reached XP level 4. HP: 40/40 MP: 4/4
    41 | D        | Reached XP level 5. HP: 47/47 MP: 5/5
    71 | D        | Found a roughly hewn altar of Beogh.
    71 | D        | Found a snail-covered altar of Cheibriados.
    71 | D        | Found a shadowy altar of Dithmenos.
    71 | D        | Found a white marble altar of Elyvilon.
    71 | D        | Found a blossoming altar of Fedhas.
    71 | D        | Found an opulent altar of Gozag.
    72 | D        | Found a hazy altar of Hepliaklqana.
    73 | D        | Found a viscous altar of Jiyva.
    74 | D        | Found an ancient bone altar of Kikubaaqudgha.
    75 | D        | Found a corrupted altar of Lugonu.
    76 | D        | Found a burning altar of Makhleb.
    77 | D        | Found a sparkling altar of Nemelex Xobeh.
    78 | D        | Found an iron altar of Okawaru.
    79 | D        | Found a stormy altar of Qazlal.
    80 | D        | Found a sacrificial altar of Ru.
    81 | D        | Found a shimmering blue altar of Sif Muna.
    82 | D        | Found a bloodstained altar of Trog.
    83 | D        | Found a hide-covered altar of Uskayaw.
    84 | D        | Found a radiant altar of Vehumet.
    85 | D        | Found an ornate altar of the Wu Jian Council.
    86 | D        | Found a shimmering altar of Xom.
    87 | D        | Found a basalt altar of Yredelemnul.
    88 | D        | Found a glowing silver altar of Zin.
    89 | D        | Found a glowing golden altar of the Shining One.
   105 | D        | Got the +2 scimitar of Xebeg {venom, rF++}
   147 | D        | Noticed a troll
   147 | D        | Noticed an acid dragon
   147 | D        | Noticed a hornet
   152 | D        | Reached **** piety under Trog
   153 | D        | Reached skill level 1 in Evocations
   155 | D        | Killed a troll
   156 | D        | Reached skill level 1 in Axes
   156 | D        | Reached XP level 6. HP: 53/56 MP: 6/6
   159 | D        | Killed an acid dragon
   160 | D        | Reached skill level 5 in Evocations
   161 | D        | Killed a hornet
   162 | D        | Reached XP level 7. HP: 60/64 MP: 7/7
   166 | D        | Reached ***** piety under Trog
   232 | D        | Noticed a shadow
   232 | D        | Noticed a purple ugly thing
   232 | D        | Noticed a vampire mosquito
   232 | D        | Noticed a vampire mosquito
   232 | D        | Noticed a vampire mosquito
   232 | D        | Noticed a vampire mosquito
   240 | D        | Killed a purple ugly thing
   240 | D        | Received a gift from Trog
   241 | D        | Reached skill level 10 in Fighting
   241 | D        | Reached skill level 5 in Axes
   241 | D        | Reached XP level 8. HP: 72/72 MP: 8/8
   243 | D        | Killed a shadow
   345 | D        | Reached skill level 5 in Armour
   349 | D        | Reached skill level 10 in Evocations
   351 | D        | Reached skill level 5 in Dodging
   499 | D        | Got the +2 chain mail of Panentheism {rElec rC++}
   521 | D        | Noticed a blink frog
   521 | D        | Noticed a rime drake
   521 | D        | Noticed a black mamba
   521 | D        | Noticed a yak
   521 | D        | Noticed a yak
   526 | D        | Killed a blink frog
   527 | D        | Reached XP level 9. HP: 81/81 MP: 9/9
   556 | D        | Noticed a cane toad
   587 | D        | Killed a rime drake
   638 | D        | Killed a black mamba
   677 | D        | Identified the +6 war axe of Qegit {heavy, SInv} (Trog
                  | gifted it to you in the Dungeon)
   677 | D        | Received a gift from Trog
   718 | D        | Killed a cane toad
   719 | D        | Reached skill level 10 in Axes
   727 | D        | Reached XP level 10. HP: 89/89 MP: 10/10
   786 | D        | Noticed a cane toad
   786 | D        | Noticed a black mamba
   786 | D        | Noticed a black mamba
   786 | D        | Noticed a cane toad
   789 | D        | Killed a cane toad
   789 | D        | Received a gift from Trog
   790 | D        | Killed a black mamba
   791 | D        | Killed a black mamba
   850 | D        | Killed a cane toad
   932 | D        | Noticed an elephant
  1068 | D        | Noticed a black mamba
  1077 | D        | Killed an elephant
  1077 | D        | Received a gift from Trog
  1082 | D        | Killed a black mamba
  1147 | D        | Reached ****** piety under Trog
  1150 | D        | Reached XP level 11. HP: 98/98 MP: 11/11
  1345 | D        | Received a gift from Trog
  1346 | D        | Reached skill level 15 in Evocations
  1359 | D        | Received a gift from Trog
  1408 | D        | Noticed an orc high priest
  1408 | D        | Noticed an orc knight
  1409 | D        | Noticed a soul eater
  1410 | D        | Killed an orc high priest
  1417 | D        | Killed an orc knight
  1417 | D        | Received a gift from Trog
  1436 | D        | Noticed an orc knight
  1437 | D        | Noticed an orc knight
  1464 | D        | Killed an orc knight
  1466 | D        | Killed an orc knight
  1466 | D        | Received a gift from Trog
  1467 | D        | Reached skill level 10 in Polearms
  1630 | D        | Found Eneufiq's Jewellery Emporium.
  1630 | D        | Noticed a deep troll
  1630 | D        | Noticed a deep troll
  1630 | D        | Noticed an ogre mage
  1630 | D        | Noticed an iron troll
  1634 | D        | Killed a deep troll
  1638 | D        | Killed a deep troll
  1639 | D        | Reached skill level 10 in Armour
  1645 | D        | Killed an iron troll
  1647 | D        | Killed an ogre mage
  1650 | D        | Noticed a deep troll
  1652 | D        | Received a gift from Trog
  1653 | D        | Found Tinao's General Store.
  1653 | D        | Noticed a deep troll
  1659 | D        | Noticed a deep troll
  1666 | D        | Killed a deep troll
  1667 | D        | Reached XP level 12. HP: 91/108 MP: 12/12
  1748 | D        | Found Rot Kaov's Distillery.
  1752 | D        | Found Qagymmea's Magic Scroll Shoppe.
  1757 | D        | Noticed a stone giant
  1818 | D        | Killed a stone giant
  1899 | D        | Noticed an ogre mage
  1908 | D        | Killed an ogre mage
  1908 | D        | Received a gift from Trog
  1909 | D        | Reached skill level 10 in Dodging
  1954 | D        | Bought a potion of attraction for 33 gold pieces
  1954 | D        | Bought a potion of curing for 33 gold pieces
  1954 | D        | Bought a potion of haste for 110 gold pieces
  1954 | D        | Bought a potion of resistance for 110 gold pieces
  1956 | D        | Bought a scroll of blinking for 105 gold pieces
  2128 | D        | Noticed a centaur warrior
  2130 | D        | Killed a centaur warrior
  2130 | D        | Received a gift from Trog
  2131 | D        | Reached skill level 15 in Fighting
  2141 | D        | Noticed a rakshasa
  2145 | D        | Noticed a vampire mage
  2168 | D        | Noticed a jiangshi
  2451 | D        | Killed a vampire mage
  2523 | D        | Killed a rakshasa
  2630 | D        | Noticed a deep troll shaman
  2635 | D        | Killed a deep troll shaman
  2659 | D        | Noticed a rakshasa
  2666 | D        | Killed a rakshasa
  2667 | D        | Reached skill level 15 in Armour
  2714 | D        | Noticed a rakshasa
  2720 | D        | Killed a rakshasa
  2720 | D        | Received a gift from Trog
  2721 | D        | Gained mutation: Your flesh is cold resistant. (rC+)
                  | [Coglin growth]
  2721 | D        | Gained mutation: Your flesh is heat resistant. (rF+)
                  | [Coglin growth]
  2721 | D        | Reached XP level 13. HP: 119/119 MP: 13/13
  2733 | D        | Noticed an ice dragon
  2743 | D        | Killed an ice dragon
  2803 | D        | Noticed a stone giant
  2811 | D        | Killed a stone giant
  2913 | D        | Noticed Rupert
  2921 | D        | Killed Rupert
  3034 | D        | Received a gift from Trog
  3046 | D        | Noticed Azrael
  3104 | D        | Killed Azrael
  3282 | D        | Noticed a broodmother
  3287 | D        | Killed a broodmother
  3291 | D        | Received a gift from Trog
  3416 | D        | Received a gift from Trog
  3715 | D        | Received a gift from Trog
  3716 | D        | Reached skill level 15 in Dodging
  4046 | D        | Noticed a merfolk impaler
  4136 | D        | Killed a merfolk impaler
  4142 | D        | Received a gift from Trog
  4517 | D        | Bought 4 boomerangs for 112 gold pieces
  4783 | D        | Noticed a fenstrider witch
  4783 | D        | Noticed an eleionoma
  4788 | D        | Killed a fenstrider witch
  4788 | D        | Received a gift from Trog
  4789 | D        | Reached XP level 14. HP: 96/135 MP: 14/14
  4888 | D        | Killed an eleionoma
  5270 | D        | Noticed Psyche
  5274 | D        | Killed Psyche
  5274 | D        | Received a gift from Trog
  5291 | D        | Noticed Agnes
  5299 | D        | Killed Agnes
  5347 | D        | Noticed a stone giant
  5357 | D        | Received a gift from Trog
  5374 | D        | Killed a stone giant
  5742 | D        | Noticed a walking divine tome
  5757 | D        | Killed a walking divine tome
  5757 | D        | Identified the +3 broad axe of the Several Spines {heavy,
                  | rF++ rCorr Int-2 SInv} (Trog gifted it to you in the
                  | Dungeon)
  5757 | D        | Received a gift from Trog
  5823 | D        | Reached skill level 15 in Axes
  5831 | D        | Noticed a fire giant
  5833 | D        | Noticed a frost giant
  5836 | D        | Noticed a stone giant
  5840 | D        | Killed a fire giant
  5846 | D        | Killed a frost giant
  5849 | D        | Killed a stone giant
  5849 | D        | Identified the +3 broad axe of Conformity {flame, rElec rC-
                  | Will+} (Trog gifted it to you in the Dungeon)
  5849 | D        | Received a gift from Trog
  6039 | D        | Received a gift from Trog
  6042 | D        | Noticed a vault warden
  6096 | D        | Killed a vault warden
  6096 | D        | Received a gift from Trog
  6214 | D        | Received a gift from Trog
  6221 | D        | Noticed a dire elephant
  6230 | D        | Killed a dire elephant
  6231 | D        | Reached XP level 15. HP: 123/151 MP: 15/15
  6297 | D        | Noticed a vault warden
  6306 | D        | Killed a vault warden
  6310 | D        | Received a gift from Trog
  6351 | D        | Received a gift from Trog
  6589 | D        | Noticed a hellephant
  6609 | D        | Noticed Margery
  6611 | D        | Killed a hellephant
  6619 | D        | Received a gift from Trog
  6867 | D        | Killed Margery
  7204 | D        | Noticed Mara
  7209 | D        | Noticed Prakerore's illusion
  7228 | D        | Killed Mara
  7482 | D        | Noticed a nagaraja
  7482 | D        | Noticed a nagaraja
  7485 | D        | Received a gift from Trog
  7493 | D        | Noticed a nagaraja
  7494 | D        | Killed a nagaraja
  7498 | D        | Killed a nagaraja
  7499 | D        | Received a gift from Trog
  7500 | D        | Noticed a nagaraja
  7503 | D        | Noticed a nagaraja
  7503 | D        | Noticed a nagaraja
  7521 | D        | Killed a nagaraja
  7628 | D        | Killed a nagaraja
  7629 | D        | Killed a nagaraja
  7629 | D        | Identified the +6 war axe of Xomuxav {flame, rF+++} (Trog
                  | gifted it to you in the Dungeon)
  7629 | D        | Received a gift from Trog
  7711 | D        | Killed a nagaraja
  7718 | D        | HP: 6/154 [poisoned by a nagaraja (splash of poison)]
  7721 | D        | HP: 2/154 [poisoned by a nagaraja (splash of poison)]
  7857 | D        | Noticed a nagaraja
  8142 | D        | Killed a nagaraja
  8160 | D        | Got a serpentine rune of Zot
  8173 | D        | Received a gift from Trog
  8198 | D        | Received a gift from Trog
  8454 | D        | Got a decaying rune of Zot
  8462 | D        | Noticed Ilsuiw
  8469 | D        | Received a gift from Trog
  8490 | D        | Killed Ilsuiw
  8498 | D        | Received a gift from Trog
  8499 | D        | Reached XP level 16. HP: 122/164 MP: 16/16
  8573 | D        | Received a gift from Trog
  8671 | D        | Reached skill level 27 in Fighting
  8671 | D        | Reached skill level 1 in Throwing
  8690 | D        | Got a barnacled rune of Zot
  9353 | D        | Bought 2 potions of lignification for 66 gold pieces
 10034 | D        | Identified the +2 war axe "Spiderbane" {antimagic, rCorr
                  | Str+3 Dex-2} (Trog gifted it to you in the Dungeon)
 10034 | D        | Received a gift from Trog
 10150 | D        | Received a gift from Trog
 10252 | D        | Got a gossamer rune of Zot
 10278 | D        | Noticed Nikola
 10308 | D        | Killed Nikola
 10462 | D        | Received a gift from Trog
 10549 | D        | Received a gift from Trog
 10632 | D        | Received a gift from Trog
 10690 | D        | Received a gift from Trog
 10731 | D        | Noticed a shadow dragon
 10778 | D        | Received a gift from Trog
 10786 | D        | Killed a shadow dragon
 10931 | D        | Received a gift from Trog
 10932 | D        | Noticed a shadow dragon
 10947 | D        | Reached XP level 17. HP: 63/171 MP: 17/17
 12008 | D        | Bought 2 potions of degeneration for 22 gold pieces
 12014 | D        | Bought a scroll of identify for 28 gold pieces
 12014 | D        | Bought a scroll of identify for 28 gold pieces
 12928 | D        | Identified the +0 pair of gloves "Icymies" {rN+ Int-3
                  | Dex+4}
 12952 | D        | Noticed a golden dragon
 12952 | D        | Noticed a quicksilver dragon
 12955 | D        | Received a gift from Trog
 12958 | D        | Noticed a golden dragon
 12960 | D        | Killed a golden dragon
 12966 | D        | Reached skill level 5 in Shapeshifting
 12968 | D        | Killed a quicksilver dragon
 12968 | D        | Noticed a quicksilver dragon
 13027 | D        | Received a gift from Trog
 13036 | D        | Killed a golden dragon
 13037 | D        | Reached skill level 10 in Shapeshifting
 13037 | D        | Killed a quicksilver dragon
 13072 | D        | Identified the ring of the Twenty Brambles {rElec rC++
                  | Str+2 SInv}
 13074 | D        | Got a silver rune of Zot
 13077 | D        | Identified the +9 orcbow of the Six Suns {heavy, Will+
                  | Dex+3 SInv}
 13167 | D        | Got the amulet of Foolhardiness {Spirit rElec rC+ rCorr}
 13357 | D        | Noticed a juggernaut
 13358 | D        | Received a gift from Trog
 13364 | D        | Killed a juggernaut
 13372 | D        | Received a gift from Trog
 13439 | D        | Noticed a golden dragon
 13439 | D        | Noticed a bone dragon
 13446 | D        | Reached skill level 15 in Shapeshifting
 13449 | D        | Killed a bone dragon
 13452 | D        | Killed a golden dragon
 13457 | D        | Received a gift from Trog
 13472 | D        | Received a gift from Trog
 13552 | D        | Noticed a quicksilver dragon
 13561 | D        | Noticed a golden dragon
 13564 | D        | Received a gift from Trog
 13753 | D        | Killed a golden dragon
 13805 | D        | Killed a quicksilver dragon
 13939 | D        | Received a gift from Trog
 13944 | D        | Reached XP level 18. HP: 165/182 MP: 11/18
 14105 | D        | Noticed a quicksilver dragon
 14116 | D        | Received a gift from Trog
 14122 | D        | Killed a quicksilver dragon
 14866 | D        | Noticed a tentacled monstrosity
 14891 | D        | Received a gift from Trog
 14898 | D        | Reached skill level 1 in Invocations
 14902 | D        | Killed a tentacled monstrosity
 14906 | D        | Identified the +11 trident of Gluttony {antimagic, rF-
                  | Str+2 Dex+6 SInv} (Trog gifted it to you in the Dungeon)
 14906 | D        | Received a gift from Trog
 14952 | D        | Noticed a golden dragon
 14959 | D        | Killed a golden dragon
 15033 | D        | Received a gift from Trog
 15170 | D        | Noticed an Orb Guardian
 15170 | D        | Noticed an Orb Guardian
 15170 | D        | Noticed an Orb Guardian
 15170 | D        | Noticed an Orb Guardian
 15170 | D        | Noticed an Orb Guardian
 15170 | D        | Noticed an Orb Guardian
 15180 | D        | Killed an Orb Guardian
 15186 | D        | Killed an Orb Guardian
 15190 | D        | Killed an Orb Guardian
 15193 | D        | Killed an Orb Guardian
 15195 | D        | Killed an Orb Guardian
 15198 | D        | Killed an Orb Guardian
 15199 | D        | Reached skill level 27 in Armour
 15283 | D        | Noticed an Orb Guardian
 15284 | D        | Noticed an Orb Guardian
 15291 | D        | Killed an Orb Guardian
 15291 | D        | Received a gift from Trog
 15295 | D        | Killed an Orb Guardian
 15305 | D        | Noticed an Orb Guardian
 15314 | D        | Killed an Orb Guardian
 15315 | D        | Reached skill level 27 in Dodging
 15320 | D        | Noticed an Orb Guardian
 15327 | D        | Killed an Orb Guardian
 15337 | D        | Noticed a curse toe
 15337 | D        | Noticed an Orb Guardian
 15337 | D        | Noticed an Orb Guardian
 15341 | D        | Killed a curse toe
 15342 | D        | Noticed an Orb Guardian
 15347 | D        | Killed an Orb Guardian
 15347 | D        | Noticed an Orb Guardian
 15355 | D        | Killed an Orb Guardian
 15355 | D        | Received a gift from Trog
 15361 | D        | Killed an Orb Guardian
 15363 | D        | Killed an Orb Guardian
 15395 | D        | Noticed an ancient lich
 15401 | D        | Killed an ancient lich
 15401 | D        | Received a gift from Trog
 15404 | D        | Noticed an orb of fire
 15407 | D        | Killed an orb of fire
 15410 | D        | Noticed an electric golem
 15416 | D        | Killed an electric golem
 15419 | D        | Noticed an ancient lich
 15419 | D        | Noticed a Killer Klown
 15419 | D        | Noticed an orb of fire
 15419 | D        | Noticed an electric golem
 15421 | D        | Noticed an orb of fire
 15425 | D        | Killed an ancient lich
 15430 | D        | Killed an orb of fire
 15430 | D        | Noticed an Orb Guardian
 15431 | D        | Reached skill level 27 in Shapeshifting
 15431 | D        | Reached XP level 19. HP: 145/189 MP: 16/22
 15436 | D        | Killed an orb of fire
 15436 | D        | Received a gift from Trog
 15439 | D        | Killed a Killer Klown
 15442 | D        | Killed an electric golem
 15442 | D        | Noticed a Killer Klown
 15449 | D        | Noticed an ancient lich
 15504 | D        | Killed a Killer Klown
 15506 | D        | Reached skill level 15 in Throwing
 15508 | D        | Received a gift from Trog
 15725 | D        | Killed an ancient lich
 15774 | D        | Received a gift from Trog
 15899 | D        | Received a gift from Trog
 15982 | D        | Noticed an ancient lich
 15993 | D        | Killed an ancient lich
 15999 | D        | Received a gift from Trog
 16009 | D        | Noticed an ancient lich
 16011 | D        | Received a gift from Trog
 16018 | D        | Killed an ancient lich
 16036 | D        | Received a gift from Trog
 16048 | D        | Received a gift from Trog
 16084 | D        | Received a gift from Trog
 16090 | D        | Reached XP level 20. HP: 120/197 MP: 14/23
 16094 | D        | Noticed a Brimstone Fiend
 16100 | D        | Received a gift from Trog
 16193 | D        | Got an elven rune of Zot
 16215 | D        | Received a gift from Trog
 16251 | D        | Noticed the Royal Jelly
 16257 | D        | Killed the Royal Jelly
 16335 | D        | Received a gift from Trog
 16355 | D        | Got a slimy rune of Zot
 16450 | D        | Received a gift from Trog
 16458 | D        | Received a gift from Trog
 16465 | D        | Received a gift from Trog
 16505 | D        | Identified the +3 spear of Trial by Ordeal {heavy, rN+
                  | Str+3} (Trog gifted it to you in the Dungeon)
 16505 | D        | Received a gift from Trog
 16521 | D        | Received a gift from Trog
 16534 | D        | Noticed a royal mummy
 16534 | D        | Noticed a royal mummy
 16541 | D        | Killed a royal mummy
 16553 | D        | Killed a royal mummy
 16553 | D        | Identified the +2 trident of Regicide {flame, Str+5} (Trog
                  | gifted it to you in the Dungeon)
 16553 | D        | Received a gift from Trog
 16577 | D        | Noticed a royal mummy
 16577 | D        | Noticed a royal mummy
 16577 | D        | Noticed a royal mummy
 16577 | D        | Noticed a royal mummy
 16580 | D        | Killed a royal mummy
 16580 | D        | Received a gift from Trog
 16599 | D        | Noticed a royal mummy
 16599 | D        | Killed a royal mummy
 16602 | D        | Noticed a royal mummy
 16607 | D        | Killed a royal mummy
 16610 | D        | Received a gift from Trog
 16631 | D        | Killed a royal mummy
 16636 | D        | Killed a royal mummy
 16637 | D        | Reached skill level 27 in Throwing
 16640 | D        | Killed a royal mummy
 16640 | D        | Received a gift from Trog
 16918 | D        | Got a golden rune of Zot
 16929 | D        | Reached XP level 21. HP: 186/204 MP: 21/24
 16951 | D        | Received a gift from Trog
 16976 | D        | Got an abyssal rune of Zot
 17101 | D        | Noticed Geryon
 17114 | D        | Killed Geryon
 17121 | D        | Noticed Lom Lobon
 17121 | D        | Noticed Ereshkigal
 17121 | D        | Noticed Dispater
 18857 | D        | Bought a scroll of enchant armour for 105 gold pieces
 20224 | D        | Killed Ereshkigal
 20307 | D        | Killed Dispater
 20307 | D        | Received a gift from Trog
 20509 | D        | Noticed Gloorx Vloq
 20865 | D        | Killed Lom Lobon
 20866 | D        | Reached skill level 27 in Evocations
 21063 | D        | Killed Gloorx Vloq
 21291 | D        | Noticed Mnoleg
 21316 | D        | Gained mutation: Your body sometimes deteriorates upon
                  | taking damage. [a shining eye]
 21318 | D        | Gained mutation: Armour fits poorly on your strangely
                  | shaped body. [a shining eye]
 21341 | D        | Killed Mnoleg
 21613 | D        | Found the +13 sceptre of Asmodeus
 21613 | D        | Noticed Asmodeus
 21684 | D        | Killed Asmodeus
 21979 | D        | Got a magical rune of Zot
 21983 | D        | Got a bone rune of Zot
 21987 | D        | Got an iron rune of Zot
 21991 | D        | Got a glowing rune of Zot
 21993 | D        | Noticed Antaeus
 21995 | D        | Found the +6 sword of Cerebov {flame}
 21995 | D        | Noticed Cerebov
 21996 | D        | Got an obsidian rune of Zot
 22019 | D        | Killed Antaeus
 22412 | D        | HP: 10/204 [Cerebov/the +6 sword of Cerebov {flame} (26)]
 22412 | D        | Killed from afar by a Brimstone Fiend

Illustrated notes

Levels and vault maps discovered:
D:        linesprint [early_d, line_temple, items_1, d_10, items_2, lair_1,
          lair_end, items_3, orc_1, orc_end, items_4, d_15, swamp_1, shoals_1,
          snake_1, spider_1, d_20, vaults_1, items_5, swamp_end, shoals_end,
          snake_end, spider_end, vaults_end, d_27, items_6, zot_1, zot_end,
          crypt_end, forest_end, elf_end, slime_end, tomb_end, abyss_end,
          pan_hell_end]

Skill      XL: |  1  2  3  4  5  6  7  8  9 10 11 12 13 14 15 16 17 18 19 20 21 |
---------------+----------------------------------------------------------------+-----
Polearms       | 4 6 7 9 10 19 24 | 24.3
Dodging        | 2 3 4 5 6 7 11 16 19 22 26 27 | 27.0
Fighting       | 5 6 7 9 10 11 13 14 16 20 24 26 27 | 27.0
Armour         | 2 3 4 5 7 8 12 15 18 23 24 27 | 27.0
Evocations     | 4 6 8 10 12 14 15 19 27 | 27.0
Axes           | 1 3 5 7 10 13 14 16 23 | 23.7
Throwing       | 1 7 16 27 | 27.0
Shapeshifting  | 20 27 | 27.0
Invocations    | 4 16 | 16.3

Action                     |  1- 3 |  4- 6 |  7- 9 | 10-12 | 13-15 | 16-18 | 19-21 || total
---------------------------+-------+-------+-------+-------+-------+-------+-------++-------
  Melee: Spear             |    20 |    11 |    57 |    22 |       |       |       ||   110
         Dagger            |     2 |     1 |       |       |       |       |       ||     3
         Broad axe         |       |    11 |    61 |       |   161 |   332 |   418 ||   983
         War axe           |       |       |       |   111 |   124 |       |       ||   235
         Trident           |       |       |       |   121 |   327 |       |       ||   448
         Demon trident     |       |       |       |       |    96 |   453 |   519 ||  1068
  Throw: Boomerang         |       |       |       |       |       |     1 |       ||     1
         Javelin           |       |       |       |       |       |       |     4 ||     4
 Invoke: Berserk           |     1 |     1 |     5 |    11 |    19 |    11 |     2 ||    50
         Brothers in Arms  |       |       |       |     4 |    10 |     7 |     7 ||    28
         Trog's Hand       |       |       |       |     1 |     6 |     2 |    11 ||    20
Ability: Begin Untransform |       |       |       |       |       |       |     1 ||     1
  Evoke: Wand              |       |       |       |     7 |     1 |       |     2 ||    10
         Horn of Geryon    |       |       |       |       |       |       |     8 ||     8
    Use: Potion            |       |     2 |       |       |    19 |     1 |    10 ||    32
         Scroll            |       |       |       |     2 |    13 |     9 |    12 ||    36
   Stab: Invisible         |       |     2 |     3 |       |       |       |       ||     5
         Distracted        |       |       |       |       |       |     2 |     3 ||     5
         Fleeing           |       |       |       |       |       |     1 |       ||     1
 Armour: Animal skin       |     1 |       |       |       |       |       |       ||     1
         Scale mail        |       |     6 |    15 |       |       |       |       ||    21
         Chain mail        |       |       |    15 |    91 |   271 |   116 |       ||   493
         Skin              |       |       |       |       |    38 |       |    43 ||    81
         Swamp dragon scal |       |       |       |       |     1 |    37 |       ||    38
         Gold dragon scale |       |       |       |       |       |    41 |   124 ||   165
         Fire dragon scale |       |       |       |       |       |    46 |   120 ||   166
  Dodge: Dodged            |     7 |     7 |    21 |    51 |   153 |   250 |   240 ||   729
   Form: Death             |       |       |       |       |       |     1 |       ||     1

Table legend: (Time is in decaauts) A = Elapsed time spent in this place. B = Non-inter-level travel time spent in this place. C = Inter-level travel time spent in this place. D = Time resting spent in this place. E = Time spent auto-exploring this place. F = Levels seen in this place. G = Mean time per level. A B C D E F G +--------+--------+--------+--------+--------+-----+--------+ Total | 22534 | 17076 | 5458 | 2470 | 9122 | 1 | 22534.0 | Dungeon | 22534 | 17076 | 5458 | 2470 | 9122 | 1 | 22534.0 | +--------+--------+--------+--------+--------+-----+--------+

Top non-repeatable levels by time:
       D: 22534 daAuts
